 Dungeon Crawl Stone Soup version 0.28.0-43-g3370ac3207 (webtiles) character file.

Game seed: 6542436704125748886

413 croobank the Skirmisher (level 6, -4/57 HPs)
             Began as a Minotaur Fighter on Mar 28, 2022.
             Slain by an ogre
             ... wielding a +0 giant club
              (30 damage)
             ... on level 4 of the Dungeon.
             The game lasted 00:09:59 (3788 turns).

croobank the Skirmisher (Minotaur Fighter)          Turns: 3788, Time: 00:10:00

Health: -4/57      AC:  7    Str: 23    XL:     6   Next: 59%
Magic:  1/1        EV:  9    Int: 11    God:
Gold:   194        SH:  5    Dex: 15    Spells: 5/5 levels left

rFire   . . .      SeeInvis .   y - +3 dagger of Xemahiv {antimagic, rCorr Dex+6}
rCold   + . .      Faith    .   c - +0 buckler
rNeg    . . .      Spirit   .   b - +0 scale mail
rPois   .          Reflect  .   (helmet restricted)
rElec   .          Harm     .   (no cloak)
rCorr   +          Rampage  .   (no gloves)
Will    .....                   (no boots)
Stlth   ..........              (no amulet)
HPRegen 0.19/turn               w - ring of protection from cold
MPRegen 0.07/turn               i - +6 ring of intelligence

@: studying Fighting
A: horns 2, retaliatory headbutt
a: no special abilities


You were on level 4 of the Dungeon.
You visited 1 branch of the dungeon, and saw 4 of its levels.

You collected 194 gold pieces.

Inventory:

Hand Weapons
 a - a +0 war axe
 l - a +1 dagger of speed
 r - a +1 dagger of venom
 y - the +3 dagger of Xemahiv (weapon) {antimagic, rCorr Dex+6}
   (You found it on level 4 of the Dungeon)

   It reduces the magical energy of the wielder, and disrupts the spells and
   magical abilities of those it strikes.
   Natural abilities and divine invocations are not affected.
   Dex:       It affects your dexterity (+6).
   rCorr:     It protects you from acid and corrosion.
Missiles
 f - 117 stones (quivered)
 h - 14 bolts
 k - 41 sling bullets
 m - 11 arrows
Armour
 b - a +0 scale mail (worn)
 c - a +0 buckler (worn)
 n - a +2 chain mail
Jewellery
 i - a +6 ring of intelligence (right hand)
 p - a ring of ice
 w - a ring of protection from cold (left hand)
Scrolls
 d - a scroll of brand weapon {unknown}
 g - a scroll of holy word
 o - a scroll of vulnerability
 q - a scroll of teleportation {unknown}
 u - a scroll of enchant weapon {unknown}
Potions
 e - a potion of ambrosia {unknown}
 j - a potion of brilliance
 t - a potion of attraction {unknown}
 v - 2 potions of curing
 x - 2 potions of lignification
 z - a potion of invisibility {unknown}


   Skills:
 + Level 5.9 Fighting
 + Level 4.7 Axes
 + Level 5.5 Armour
 + Level 5.4 Shields


You had 5 spell levels left.
You didn't know any spells.
Your spell library contained the following spells:

 Spells                   Type           Power      Damage    Failure   Level
 Sublimation of Blood     Necr           0%         N/A       86%         2
 Ignite Poison            Fire/Tmut/Pois 0%         N/A       97%         3
 Mephitic Cloud           Conj/Pois/Air  0%         N/A       97%         3
 Petrify                  Tmut/Erth      0%         N/A       100%        4
 Freezing Cloud           Conj/Ice/Air   0%         6-21      100%        5
 Irradiate                Conj/Tmut      0%         3d13      100%        5


Dungeon Overview and Level Annotations

Branches:
Dungeon (4/15)
 Temple: D:4-7

Altars:


Innate Abilities, Weirdness & Mutations

You have a pair of horns on your head.
You reflexively headbutt those who attack you in melee.


Message History

y - the +3 dagger of Xemahiv (weapon)
{antimagic, rCorr Dex+6} You now have 188 gold pieces (gained 16).
Found a stone staircase leading down.
You now have 194 gold pieces (gained 6).
z - a smoky grey potion An ogre comes into view.
It is wielding a +0 giant club.
The ogre shouts!
Hit: y) +3 dagger of Xemahiv {antimagic, rCorr Dex+6}
Press: ? - help, Dir - move target, f - you
Okay, then.
You aren't carrying any items that you can evoke.
Unknown command.
Throw: 2 darts (poison)
Press: ? - help, Q - select action, (/) - cycle Shift-Dir - straight line, f - ogre
Aim: an ogre, wielding a +0 giant club (75% to hit)
You throw a poisoned dart. The poisoned dart hits the ogre.
The ogre is poisoned.
Throw: dart (poison)
Press: ? - help, Q - select action, (/) - cycle Shift-Dir - straight line, f/p - ogre
Aim: an ogre, wielding a +0 giant club (lightly wounded, poisoned, 75% to hit)
You throw a poisoned dart. The poisoned dart hits the ogre.
The ogre looks even sicker.
The ogre is lightly wounded.
A scorpion comes into view.
The ogre hits you with a +0 giant club!
You hit the ogre.
You headbutt the ogre, but do no damage.
The ogre is lightly wounded.
You block the ogre's attack.
You hit the ogre.
You headbutt the ogre, but do no damage.
The ogre is lightly wounded.
The ogre hits you with a +0 giant club!!
You barely miss the ogre.
The ogre is lightly wounded.
You hit the ogre.
The ogre is moderately wounded.
The ogre hits you with a +0 giant club!!
Ouch! That really hurt!
You die...

.....## ###..####
##......###
#..###....#######..
#.#................
....###.##...#####
# ..# #......###
... #
#####....####...#
#..#..@Os((.#
##..##...##..#
##..#.### ##...#
####


You could see an ogre (poisoned) and a scorpion.

Vanquished Creatures
  Sigmund (D:3)
  A necrophage (D:4)
  A jelly (D:4)
  2 hound skeletons (D:4)
  5 adders
  An ufetubus (D:2)
  2 worms
  A dart slug (D:3)
  3 orcs (D:4)
  8 ball pythons
  4 bats
  6 endoplasms
  A giant cockroach (D:1)
  8 goblins
  4 hobgoblins
  3 quokkas
  2 frilled lizards (D:1)
  8 kobolds
  3 rats
64 creatures vanquished.

Notes
Turn   | Place    | Note
-------+----------+-------------------------------------------
     0 | D:1      | croobank the Minotaur Fighter began the quest for the Orb.
     0 | D:1      | Reached XP level 1. HP: 19/19 MP: 0/0
   311 | D:1      | Found a faded altar of an unknown god.
   321 | D:1      | Reached XP level 2. HP: 27/27 MP: 1/1
  1459 | D:2      | Reached XP level 3. HP: 32/33 MP: 2/2
  2319 | D:3      | Noticed Sigmund
  2339 | D:3      | Killed Sigmund
  2340 | D:3      | Reached XP level 4. HP: 24/41 MP: 3/3
  2340 | D:3      | Reached XP level 5. HP: 28/47 MP: 4/4
  2601 | D:3      | Reached skill level 5 in Shields
  2613 | D:3      | Reached skill level 5 in Armour
  3233 | D:4      | Identified a scroll of acquirement
  3233 | D:4      | Acquired a manual of Fighting
  3244 | D:4      | Reached skill level 5 in Fighting
  3576 | D:4      | Reached XP level 6. HP: 50/56 MP: 5/5
  3693 | D:4      | Identified the +3 dagger of Xemahiv {antimagic, rCorr
                  | Dex+6}
  3788 | D:4      | Slain by an ogre

Illustrated notes

Levels and vault maps discovered:
D:1:      kennysheep_arrival_forest, layout_basic,
          chequers_ecumenical_altar_simple
D:2:      layout_basic, serial_corexii_hall, corexii_hall_statues_x,
          chequers_hall_statues_wall_a, corexii_hall_statues_l,
          chequers_hall_statues_wall_a, chequers_hall_statues_corner_a,
          chequers_hall_statues_y
D:3:      layout_loops_ring, uniq_sigmund
D:4:      layout_rooms, minmay_between

Skill      XL: |  1  2  3  4  5 |
---------------+----------------+-----
Shields        | 4 5 |  5.4
Armour         | 4 5 |  5.5
Fighting       | 4 5 |  5.9
Axes           | 3 4 |  4.7

Action                   |  1- 3 |  4- 6 || total
-------------------------+-------+-------++-------
Melee: War axe           |    66 |    83 ||   149
       Headbutt          |     6 |    15 ||    21
       Dagger            |       |     4 ||     4
Throw: Dart              |       |     4 ||     4
       Stone             |       |     2 ||     2
  Use: Potion            |     3 |       ||     3
       Scroll            |       |    11 ||    11
Armor: Scale mail        |    31 |    35 ||    66
Dodge: Dodged            |    29 |    37 ||    66
Block: Buckler           |    15 |    18 ||    33
